 Dungeon Crawl Stone Soup version 0.21-a0-426-g98080a9 (webtiles) character file.

387 kae the Digger (level 6, -6/35 HPs)
             Began as a Gargoyle Earth Elementalist on Nov 6, 2017.
             Mangled by a wight
             ... wielding a +0 long sword
              (10 damage)
             ... on level 4 of the Dungeon.
             The game lasted 00:05:42 (4426 turns).

kae the Digger (Gargoyle Earth Elementalist)        Turns: 4426, Time: 00:05:43

Health: -6/35      AC:  8    Str: 17    XL:     6   Next: 78%
Magic:  11/11      EV: 12    Int: 22    God:
Gold:   124        SH:  0    Dex: 10    Spells: 8/12 levels left

rFire    . . .     SeeInvis .   q - +1 short sword (flame)
rCold    . . .     Gourm    +   (no shield)
rNeg     + . .     Faith    .   c - +0 robe
rPois    ∞         Spirit   .   f - +1 helmet
rElec    +         Reflect  .   (no cloak)
rCorr    .         Harm     .   (no gloves)
MR       .....                  (no boots)
Stlth    ++........             j - amulet of the gourmand
HPRegen  0.11/turn              (no ring)
MPRegen  0.12/turn              (no ring)

@: mighty, brilliant, flying
A: negative energy resistance 1, electricity resistance, unbreathing,
petrification resistance, rot immunity, AC +4
a: no special abilities


You were on level 4 of the Dungeon.
You were completely stuffed.

You visited 1 branch of the dungeon, and saw 4 of its levels.

You collected 124 gold pieces.

Inventory:

Hand Weapons
 g - a +0 short sword
 h - a +4 dagger
 q - a +1 short sword of flaming (weapon)
Missiles
 b - 240 stones (quivered)
Armour
 c - a +0 robe (worn)
 f - a +1 helmet (worn)
Jewellery
 j - an amulet of the gourmand (around neck)
Scrolls
 l - a scroll of teleportation
 n - a scroll of recharging {unknown}
 p - a scroll of identify
 y - a scroll of random uselessness {unknown}
 A - a scroll of fear {unknown}
Potions
 k - a potion of berserk rage
 o - a potion of curing
 x - a potion of haste {unknown}
Books
 a - a book of Conjurations

   Spells                             Type                      Level
   a - Magic Dart                     Conjuration                  1
   b - Searing Ray                    Conjuration                  2
   c - Dazzling Spray                 Conjuration/Hexes            3
   d - Fulminant Prism                Conjuration/Hexes            4
   e - Force Lance                    Conjuration/Translocation    4
   f - Iskenderun's Mystic Blast      Conjuration                  4
 e - a book of Geomancy

   Spells                             Type                      Level
   a - Sandblast                      Earth                        1
   b - Passwall                       Transmutation/Earth          2
   c - Stone Arrow                    Conjuration/Earth            3
   d - Petrify                        Transmutation/Earth          4
   e - Lee's Rapid Deconstruction     Earth                        5
 t - a book of Minor Magic

   Spells                             Type                      Level
   a - Magic Dart                     Conjuration                  1
   b - Blink                          Translocation                2
   c - Call Imp                       Summoning                    2
   d - Slow                           Hexes                        2
   e - Conjure Flame                  Conjuration/Fire             3
   f - Mephitic Cloud                 Conjuration/Poison/Air       3
Comestibles
 d - 2 bread rations
 m - a royal jelly
 s - a fruit
 w - 2 meat rations


   Skills:
 + Level 2.0 Fighting
 + Level 1.8 Armour
 + Level 2.1 Dodging
 - Level 2.1 Stealth
 * Level 3.6 Spellcasting
 * Level 2.8 Conjurations
   Level 0.7 Transmutations
 * Level 5.6 Earth Magic


You had 8 spell levels left.
You knew the following spells:

 Your Spells              Type           Power        Failure   Level  Hunger
a - Sandblast             Erth           #####.       1%          1    None
b - Stone Arrow           Conj/Erth      #####.       1%          3    ###....


Dungeon Overview and Level Annotations

Branches:
Dungeon (4/15)
 Temple: D:4-7

Altars:

Shops:
D:4 :

Annotations:
D:4 exclusion: two-headed ogre, Sigmund; mastercheaf21's ghost, novice MiBe


Innate Abilities, Weirdness & Mutations

You are resistant to torment.
Your stone body is resilient. (AC +4)
You are immune to poison.
You resist negative energy. (rN+)
You are resistant to electric shocks. (rElec)
You can survive without breathing.
You are immune to petrification.
You are immune to rotting.


Message History

The wight is moderately damaged.
You feel less invigorated.
You feel less confused.
The wight hits you with an enchanted great sword.
You hit the wight. You burn the wight.
The wight is heavily damaged.
The wight hits you with a long sword. The wight closely misses you.
You hit the wight. You burn the wight.
The wight is moderately damaged.
The wight barely misses you.
You barely miss the wight.
The wight is moderately damaged.
The wight barely misses you. The wight hits you with a long sword.
* * * LOW HITPOINT WARNING * * *
You completely miss the wight.
The wight is moderately damaged.
The wight hits you with an enchanted great sword.
* * * LOW HITPOINT WARNING * * *
The wight hits you with a long sword!
You die...

...#.##.####
#.#.##....#
##....####.##
##.....###...##
###.............#
#...............#
#.............#
##.....###z..##
##.....###@##
#.#.#.###z##
#.#.#..#...#
#.#.#8.8.8.#
....#.⌠.⌠..#
...###8.∩.8.#
#.### #.⌠.⌠..# #.
#8.8.8.# #.
###.##.#


You could see 2 wights.

Vanquished Creatures
  2 wights (D:4)
  A crimson imp (D:3)
  A hound (D:3)
  2 orc wizards (D:3)
  A worker ant (D:4)
  3 adders
  An ooze (D:2)
  2 worms (D:2)
  2 dart slugs
  4 leopard geckos
  12 orcs (D:3)
  9 bats
  3 giant cockroaches
  8 goblins
  9 hobgoblins
  13 jackals
  A quokka (D:3)
  A ball python (D:1)
  14 kobolds
  14 rats
  A plant (D:1)
104 creatures vanquished.

Vanquished Creatures (others)
  A plant (D:1)
1 creature vanquished.

Grand Total: 105 creatures vanquished

Notes
Turn   | Place    | Note
-------+----------+-------------------------------------------
     0 | D:1      | kae the Gargoyle Earth Elementalist began the quest for the Orb.
     0 | D:1      | Reached XP level 1. HP: 10/10 MP: 3/3
    89 | D:1      | Reached skill level 4 in Earth Magic
    89 | D:1      | Reached XP level 2. HP: 13/15 MP: 5/5
   835 | D:1      | Reached XP level 3. HP: 17/19 MP: 6/6
   843 | D:1      | Learned a level 3 spell: Stone Arrow
  1617 | D:2      | Reached skill level 1 in Conjurations
  1766 | D:2      | Reached XP level 4. HP: 21/24 MP: 0/8
  2590 | D:3      | Reached skill level 1 in Fighting
  2629 | D:3      | Reached skill level 1 in Armour
  2629 | D:3      | Reached XP level 5. HP: 15/29 MP: 0/9
  2923 | D:3      | Reached skill level 5 in Earth Magic
  3475 | D:3      | Found a faded altar of an unknown god.
  3510 | D:3      | Reached XP level 6. HP: 19/34 MP: 0/11
  3732 | D:4      | Noticed a two-headed ogre
  3750 | D:4      | Noticed mastercheaf21's ghost (novice MiBe)
  3945 | D:4      | Noticed Sigmund
  4130 | D:4      | Found Vana's Book Shop.
  4426 | D:4      | Mangled by a wight

Vault maps used:
D:1:      minmay_arrival_semitransparent, serial_forest,
          infiniplex_forest_3_way, infiniplex_forest_clump_tiny,
          infiniplex_forest_3_way, infiniplex_forest_clump_diagonal,
          infiniplex_forest_diagonal
D:3:      chequers_ecumenical_altar_simple_redux, kennysheep_generic_room_5
D:4:      serial_shops, nicolae_shop_temple_entry_statues_fountains,
          first_bread, grunt_ministairs_7, uniq_sigmund, uniq_ijyb

Skill      XL: |  1  2  3  4  5  6 |
---------------+-------------------+-----
Earth Magic    | 4 5 |  5.6
Conjurations   | 1 2 |  2.8
Fighting       | 1 2 |  2.0
Armour         | 1 |  1.8
Spellcasting   | 3 |  3.6
Dodging        | 2 |  2.1
Stealth        | |  2.1
Transmutations | |  0.7

Action                   |  1- 3 |  4- 6 || total
-------------------------+-------+-------++-------
Melee: Unarmed           |    29 |       ||    29
       Short sword       |   299 |   254 ||   553
 Cast: Sandblast         |     8 |    24 ||    32
       Stone Arrow       |     4 |     7 ||    11
  Use: Scroll            |       |     5 ||     5
       Potion            |       |     5 ||     5
 Stab: Sleeping          |     4 |     2 ||     6
  Eat: Chunk             |     4 |    20 ||    24
Armor: Robe              |    65 |   107 ||   172
Dodge: Dodged            |   105 |   174 ||   279

Table legend:
 A = Spawn XP
 B = Non-spawn XP
 C = Spawn XP percentage of total XP
 D = Spawn monster count
 E = Non-spawn monster count
 F = Spawn count percentage of total count
 G = Total turns spent on level
                    A         B        C        D         E        F      G
               +---------+---------+-------+---------+---------+-------+---------
         Total |       0 |     554 |   0.0 |       0 |     103 |   0.0 |  4426
               +---------+---------+-------+---------+---------+-------+---------
           D:1 |       0 |      46 |   0.0 |       0 |      28 |   0.0 |  1358
           D:2 |       0 |      53 |   0.0 |       0 |      18 |   0.0 |  1102
           D:3 |       0 |     258 |   0.0 |       0 |      46 |   0.0 |  1418
           D:4 |       0 |     197 |   0.0 |       0 |      11 |   0.0 |   548
               +---------+---------+-------+---------+---------+-------+---------
